 Dungeon Crawl Stone Soup version 0.30-b1-2-g02819fbbbe (webtiles) character file.

Game seed: 4770835423202113751

504 Mesmaeker13 the Shooter (level 7, 0/56 HPs)
             Began as a Barachi Hunter on May 8, 2023.
             Slain by Pikel
             ... wielding a +1 whip of flaming
              (11 damage)
             ... on level 5 of the Dungeon.
             The game lasted 00:07:05 (3380 turns).

Mesmaeker13 the Shooter (Barachi Hunter)            Turns: 3380, Time: 00:07:05

Health: 0/56       AC:  6    Str: 12    XL:     7   Next: 17%
Magic:  7/7        EV: 12    Int: 10    God:
Gold:   357        SH:  5    Dex: 17    Spells: 6/6 levels left

rFire   + . .        t - +0 war axe
rCold   x . .        (no shield)
rNeg    . . .        w - +0 ring mail
rPois   +            x - +0 helmet
rElec   .            (no cloak)
rCorr   .            (no gloves)
SInv    .            (no boots)
Will    .....        d - amulet of reflection
Stlth   +            f - ring of poison resistance
HPRegen 0.29/turn    A - ring of fire
MPRegen 0.10/turn

%: reflection
@: mighty, slow
A: amphibious, slowness 1, strong legs 1, +LOS
a: Hop


You were on level 5 of the Dungeon.
You visited 1 branch of the dungeon, and saw 5 of its levels.

You collected 357 gold pieces.

Inventory:

Hand Weapons
 a - a +0 shortbow
 k - a +0 trident
 t - a +0 war axe (weapon)
Missiles
 e - 6 poisoned darts
Armour
 o - a +0 scale mail
 w - a +0 ring mail (worn)
 x - a +0 helmet (worn)
Jewellery
 d - an amulet of reflection (around neck)
 f - a ring of poison resistance (left hand)
 A - a ring of fire (right hand)
Wands
 z - a wand of flame (22)
Scrolls
 b - 5 scrolls of immolation
 c - a scroll of butterflies {unknown}
 g - a scroll of amnesia
 h - a scroll of enchant armour {unknown}
 l - 2 scrolls of teleportation
 p - a scroll of enchant weapon {unknown}
 r - 2 scrolls of fog
 s - 2 scrolls of silence {unknown}
 y - a scroll of identify {unknown}
Potions
 i - a potion of attraction {unknown}
 m - a potion of resistance {unknown}
 n - a potion of ambrosia {unknown}
 q - 3 potions of haste
 u - a potion of heal wounds {unknown}
 v - a potion of brilliance {unknown}


   Skills:
 + Level 5.5 Fighting
 + Level 5.8 Ranged Weapons
 + Level 0.0 Armour
 - Level 5.1 Dodging
 - Level 0.8 Stealth


You had 6 spell levels left.
You didn't know any spells.
Your spell library contained the following spells:

 Spells                   Type           Power      Damage    Failure   Level
 Sting                    Tmut/Pois      0%         1d3       65%         1
 Poisonous Vapours        Pois/Air       0%         N/A       78%         2
 Mephitic Cloud           Conj/Pois/Air  0%         N/A       95%         3
 Spider Form              Tmut/Pois      0%         N/A       95%         3
 Freezing Cloud           Conj/Ice/Air   0%         6-21      100%        5
 Metabolic Englaciation   Hex/Ice        0%         N/A       100%        5
 Discord                  Hex            0%         N/A       100%        8


Dungeon Overview and Level Annotations

Branches:
Dungeon (5/15)
 Temple: D:4-7

Altars:
Nemelex Xobeh
Vehumet

Shops:
D:1 =   D:4 =[*

Annotations:
D:4 Blork the orc, Edmund
D:5 Pikel


Innate Abilities, Weirdness & Mutations

You are amphibious.
You cover ground slowly.
You can hop short distances.
You have an extended range of vision and can be seen from far away.


Message History

Pikel hits you with a +1 whip of flaming!
Pikel burns you.
t - a +0 war axe (weapon)
Pikel hits you but does no damage.
You hit Pikel.
Pikel is moderately wounded.
Pikel closely misses you.
You closely miss Pikel.
Pikel is moderately wounded.
Pikel hits you with a +1 whip of flaming.
Pikel hits you with a +1 whip of flaming!
You hit Pikel but do no damage.
Pikel is moderately wounded.
Pikel closely misses you.
You hit Pikel.
Pikel is moderately wounded.
Pikel hits you with a +1 whip of flaming.
Pikel burns you. You block Pikel's attack.
You slash Pikel!
Pikel is heavily wounded.
Pikel hits you with a +1 whip of flaming.
You barely miss Pikel.
Pikel is heavily wounded.
Pikel hits you with a +1 whip of flaming!
Pikel burns you.
Pikel hits you with a +1 whip of flaming.
* * * LOW HITPOINT WARNING * * *
Pikel burns you.
* * * LOW HITPOINT WARNING * * *
You feel better.
Pikel hits you with a +1 whip of flaming!
* * * LOW HITPOINT WARNING * * *
Pikel burns you.
* * * LOW HITPOINT WARNING * * *
You feel very mighty all of a sudden. You block Pikel's attack.
You slash Pikel!
Pikel is severely wounded.
Pikel hits you with a +1 whip of flaming!
You die...

#..####.........# #..#
##...##.### #).#
#.#....# #).# #...####
#..# ##.## #..# #.#
#######..######5#
#........#...##K#
#.####.#......#@#######
#.##..................#
#.##>###......#######.#
#.##.# #.#...## .#
#.##<# #.##.## ###.###
#.##.#
#.##.#######.....#
#....#
#.##.<...........#
#..###
#.##########.....# #..#
#.# #.....#


You could see Pikel and a lemure.

Vanquished Creatures
  3 lemures (D:5)
  A scorpion (D:4)
  A jelly (D:5)
  2 orc priests
  Terence (D:2)
  3 orc wizards
  Natasha (thrice) (D:3)
  Robin (D:4)
  5 adders
  An ufetubus (D:4)
  4 worms
  A dart slug (D:1)
  11 orcs
  12 bats
  2 endoplasms (D:2)
  5 giant cockroaches
  13 goblins
  5 hobgoblins
  7 jackals
  3 quokkas
  7 ball pythons
  3 frilled lizards
  7 kobolds
  10 rats
111 creatures vanquished.

Notes
Turn   | Place    | Note
-------+----------+-------------------------------------------
     0 | D:1      | Mesmaeker13 the Barachi Hunter began the quest for the Orb.
     0 | D:1      | Reached XP level 1. HP: 17/17 MP: 1/1
    48 | D:1      | Reached XP level 2. HP: 23/23 MP: 2/2
    60 | D:1      | Found Firoich's Jewellery Shop.
   322 | D:1      | Reached XP level 3. HP: 26/29 MP: 3/3
   401 | D:1      | Got the Handbook of Alluring Degeneration
   741 | D:2      | Noticed Terence
   749 | D:2      | Killed Terence
   750 | D:2      | Reached XP level 4. HP: 31/37 MP: 4/4
  1201 | D:3      | Found a sparkling altar of Nemelex Xobeh.
  1239 | D:3      | Reached XP level 5. HP: 42/42 MP: 5/5
  1344 | D:3      | Noticed Natasha
  1353 | D:3      | Killed Natasha
  1373 | D:3      | Noticed Natasha
  1381 | D:3      | Killed Natasha
  1382 | D:3      | Reached skill level 5 in Ranged Weapons
  1676 | D:3      | Noticed Natasha
  1682 | D:3      | Killed Natasha
  1844 | D:4      | Reached XP level 6. HP: 29/49 MP: 6/6
  2218 | D:4      | Found Qacuelo's General Store.
  2225 | D:4      | Reached skill level 5 in Fighting
  2255 | D:4      | Found Oxtet's Antique Armour Shop.
  2321 | D:4      | Found a radiant altar of Vehumet.
  2476 | D:4      | Noticed Robin
  2493 | D:4      | Killed Robin
  2556 | D:4      | Found Voul's Jewellery Emporium.
  2561 | D:4      | Noticed Edmund
  2592 | D:4      | Noticed Blork the orc
  2640 | D:4      | Reached XP level 7. HP: 27/56 MP: 7/7
  2865 | D:5      | Entered Level 5 of the Dungeon
  2915 | D:5      | Reached skill level 5 in Dodging
  3013 | D:5      | Noticed Pikel
  3380 | D:5      | Slain by Pikel

Illustrated notes

Levels and vault maps discovered:
D:1:      lemuel_arrival_cross, layout_basic, serial_shops, shop,
          minmay_box_of_dots
D:2:      layout_rooms, minmay_quantized, uniq_terence
D:3:      layout_basic, amcnicky_altar_gilded, uniq_natasha
D:4:      layout_gridville, mainiacjoe_overflow_catwalk,
          mainiacjoe_overflow_surrounded_room, lemuel_doored_altar,
          portal_sewer_entry_d, serial_shops, nicolae_shop_gaudy_bauble, shop,
          nicolae_stop_n_shop_1, nicolae_shop_rolling_square,
          uniq_blork_the_orc, uniq_robin, uniq_grinder, uniq_edmund
D:5:      minmay_angry_zag, layout_loops_ring, mainiacjoe_overflow_divided_tiny,
          uniq_pikel

Skill      XL: |  1  2  3  4  5  6  7 |
---------------+----------------------+-----
Fighting       | 3 4 5 |  5.5
Dodging        | 3 4 5 |  5.1
Ranged Weapons | 5 |  5.8
Stealth        | |  0.8

Action                     |  1- 3 |  4- 6 |  7- 9 || total
---------------------------+-------+-------+-------++-------
  Melee: Dagger            |       |    19 |     3 ||    22
         Punch             |       |     1 |       ||     1
         War axe           |       |       |     7 ||     7
   Fire: Shortbow          |   110 |   214 |    54 ||   378
Ability: Hop               |       |     3 |     1 ||     4
  Evoke: Wand              |       |       |     3 ||     3
    Use: Scroll            |       |     4 |       ||     4
         Potion            |       |     3 |     2 ||     5
 Armour: Leather armour    |    14 |    25 |     2 ||    41
         Ring mail         |       |       |     6 ||     6
  Dodge: Dodged            |    30 |   104 |    22 ||   156
  Block: Other             |    14 |    37 |     6 ||    57
         Reflection        |     1 |       |       ||     1
